 Dungeon Crawl Stone Soup version 0.27-a0-291-gd9602db6ee (webtiles) character file.

Game seed: 8715787483673237882

47 Nattfarinn the Insei (level 3, 0/23 HPs)
             Began as an Octopode Transmuter on Feb 9, 2021.
             Killed by nerve-wracking pain
             ... invoked by Jessica
              (2 damage)
             ... on level 2 of the Dungeon.
             The game lasted 00:04:47 (1669 turns).

Nattfarinn the Insei (Octopode Transmuter)          Turns: 1669, Time: 00:04:47

Health: 0/23       AC:  1    Str:  5    XL:     3   Next: 70%
Magic:  2/6        EV: 13    Int: 16    God:
Gold:   39         SH:  0    Dex: 12    Spells: 2/6 levels left

rFire    . . .     SeeInvis .     - Unarmed
rCold    + . .     Faith    .   (no shield)
rNeg     . . .     Spirit   .   (helmet restricted)
rPois    .         Reflect  .   d - amulet of inaccuracy (curse)
rElec    .         Harm     .   b - ring of protection from cold
rCorr    .         Rampage  .   h - -4 ring of strength (curse)
Will     .....                  (no ring)
Stlth    ++........             (no ring)
HPRegen  0.07/turn              (no ring)
MPRegen  0.10/turn              (no ring)
                                (no ring)
                                (no ring)

@: very slightly contaminated
A: almost no armour, stealthy swim, amphibious, 8 rings, constrict 8, camouflage
1, blink, gelatinous body 1
a: Blink


You were on level 2 of the Dungeon.
You visited 1 branch of the dungeon, and saw 2 of its levels.

You collected 39 gold pieces.

Inventory:

Jewellery
 b - a ring of protection from cold (left tentacle)
 d - a cursed amulet of inaccuracy (around mantle)
 h - a cursed -4 ring of strength (right tentacle)
Scrolls
 f - a scroll of enchant armour
Potions
 a - a potion of mutation
 c - a potion of heal wounds {unknown}
 e - a potion of curing {unknown}
 g - a potion of degeneration {unknown}


   Skills:
 - Level 1.0 Fighting
 - Level 2.4 Dodging
 - Level 3.3 Unarmed Combat
 - Level 2.0 Spellcasting
 + Level 3.0 Transmutations
 * Level 1.3 Poison Magic


You had 2 spell levels left.
You knew the following spells:

 Your Spells              Type           Power        Failure   Level
a - Beastly Appendage     Tmut           22%          6%          1
b - Spider Form           Tmut/Pois      4%           26%         3

Your spell library contained the following spells:

 Spells                   Type           Power        Failure   Level
 Wereblood                Tmut           11%          9%          2
 Ice Form                 Ice/Tmut       6%           73%         4
 Blade Hands              Tmut           5%           86%         5


Dungeon Overview and Level Annotations

Branches:
Dungeon (2/15)

Altars:

Annotations:
D:2 Jessica


Innate Abilities, Weirdness & Mutations

You cannot wear most types of armour.
You are very stealthy in the water. (Stealth+)
You are amphibious.
You can wear up to eight rings at the same time.
You can use your tentacles to constrict eight enemies at once.
Your skin changes colour to match your surroundings (Stealth+).
Your rubbery body absorbs attacks. (AC +1, EV +1)
You can translocate small distances at will.


Message History

Jessica says, "Why did you come here?"
A kobold comes into view.
The helpless kobold fails to defend itself.
You tentacle-slap the kobold.
You kill the kobold!
You see here a stone.
You open the door. Jessica gestures at you while chanting.
Pain shoots through your body!
Ouch! That really hurt!
Jessica points at you and mumbles some strange words.
Pain shoots through your body!
* * * LOW HITPOINT WARNING * * *
There is an open door here.
It was a potion of mutation.
You feel extremely strange.
You feel weaker.
You feel stronger.
You feel jittery. Jessica gestures at you while chanting.
Pain shoots through your body!
You die...

####### #.(...#
#@###'#######
#...@.......#
#.......###.#
#.......#<#.#
#.......'.#.#
+>......#...#
##......#.###
########...#.†.#
#.......##.###.#
#.......+......#


You could see Jessica.

Vanquished Creatures
  A dart slug (D:2)
  2 leopard geckos (D:1)
  7 bats (D:1)
  2 giant cockroaches
  3 goblins (D:1)
  6 hobgoblins (D:1)
  4 jackals (D:1)
  A frilled lizard (D:1)
  7 kobolds
  6 rats (D:1)
39 creatures vanquished.

Notes
Turn   | Place    | Note
-------+----------+-------------------------------------------
     0 | D:1      | Nattfarinn the Octopode Transmuter began the quest for the
                  | Orb.
     0 | D:1      | Reached XP level 1. HP: 13/13 MP: 3/3
    60 | D:1      | Reached XP level 2. HP: 14/18 MP: 3/5
   529 | D:1      | Reached XP level 3. HP: 13/23 MP: 4/6
   674 | D:1      | Learned a level 3 spell: Spider Form
  1378 | D:1      | Reached skill level 1 in Poison Magic
  1626 | D:2      | Noticed Jessica
  1669 | D:2      | Gained mutation: You are weak. (Str -2) [potion of
                  | mutation]
  1669 | D:2      | Lost mutation: You are weak. (Str -2) [potion of mutation]
  1669 | D:2      | Gained mutation: You can translocate small distances at
                  | will. [potion of mutation]
  1669 | D:2      | Killed from afar by Jessica

Illustrated notes

Levels and vault maps discovered:
D:1:      dpeg_arrival_morbid_curiosity, layout_basic, minmay_misc_feat_columns,
          eino_curves_01, minmay_pentomino_r4
D:2:      layout_basic, nicolae_overflow_crystal_walls,
          kennysheep_big_empty_room, uniq_jessica

Skill      XL: |  1  2  3 |
---------------+----------+-----
Transmutations | 3 |  3.0
Poison Magic   | 1 |  1.3
Fighting       | |  1.0
Dodging        | |  2.4
Unarmed Combat | |  3.3
Spellcasting   | |  2.0

Action                   || total
-------------------------++-------
Melee: Unarmed           ||    82
       Kick              ||    11
       Constrict         ||    23
       Tentacles         ||     9
       Punch             ||     3
 Cast: Beastly Appendage ||    13
       Spider Form       ||     1
  Use: Scroll            ||     3
       Potion            ||     1
 Stab: Sleeping          ||     3
Armor: Skin              ||    12
Dodge: Dodged            ||    56

Table legend: (Time is in decaauts)
 A = Elapsed time spent in this place.
 B = Non-inter-level travel time spent in this place.
 C = Inter-level travel time spent in this place.
 D = Time resting spent in this place.
 E = Time spent auto-exploring this place.
 F = Levels seen in this place.
 G = Mean time per level.
                   A        B        C        D        E       F      G
               +--------+--------+--------+--------+--------+-----+--------+
         Total |   1662 |   1569 |     93 |    481 |    820 |   2 |  831.0 |
       Dungeon |   1662 |   1569 |     93 |    481 |    820 |   2 |  831.0 |
               +--------+--------+--------+--------+--------+-----+--------+

Top non-repeatable levels by time:
     D:1: 1552 daAuts
     D:2: 110 daAuts
